HS
HOOVER HS PIRATES @ ALAC C POPE HS GENERALS
03/09/2060
 
TOP OF THE 1ST
Hoover HS Pirates batting - Pitching for Alac C Pope HS Generals : RHP Dalton Huwer
Pitching: RHP Dalton Huwer
Batting: SHB Kieran Tarry 0-0: Swinging Strike
0-1: Ball
1-1: Foul Ball, location: 2F
1-2: Foul Ball, location: 2F
1-2: Ground out 3-1 (Groundball, 34, EV 88.1 MPH)
Batting: LHB Stephen Wellman 0-0: Swinging Strike
0-1: Ball
1-1: Called Strike
1-2: Ground out 5-3 (Groundball, 5, EV 86.2 MPH)
Batting: RHB Dwight West 0-0: Called Strike
0-1: Called Strike
0-2: Ball
1-2: Foul Ball, location: 2F
1-2: Ball
2-2: Ball
3-2: Foul Ball, location: 2F
3-2: Foul Ball, location: 2F
3-2: SINGLE (Line Drive, 7LS, EV 107.5 MPH)
Batting: RHB James Dew 0-0: Ball
1-0: Called Strike
1-1: Ball
2-1: Ball
3-1: Foul Ball, location: 2F
3-2: Strikes out swinging
Top of the 1st over - 0 runs, 1 hit, 0 errors, 1 left on base; Hoover HS 0 - Alac C Pope HS 0
BOTTOM OF THE 1ST
Alac C Pope HS Generals batting - Pitching for Hoover HS Pirates : RHP Al O'Hara
Pitching: RHP Al O'Hara
Batting: LHB Logan Gruskin 0-0: Ball
1-0: Swinging Strike
1-1: Swinging Strike
1-2: Ball
2-2: Foul Ball, location: 2F
2-2: Foul Ball, location: 2F
2-2: Strikes out swinging
Batting: RHB Dalton Burton 0-0: Foul Ball, location: 2F
0-1: Ball
1-1: Ground out 4-3 (Groundball, 4, EV 84.4 MPH)
Batting: LHB Cameron Kingery 0-0: Called Strike
0-1: DOUBLE (Flyball, 78XD, EV 107.5 MPH)
Batting: LHB Drew Pines 0-0: Called Strike
0-1: Foul Ball, location: 2F
0-2: Ball
1-2: Ball
2-2: Ball
3-2: SINGLE (Groundball, 6D, EV 100.6 MPH)
Cameron Kingery to third
Runner from 3rd tries for Home, throw by CF and OUT! 8-2
Bottom of the 1st over - 0 runs, 2 hits, 0 errors, 1 left on base; Hoover HS 0 - Alac C Pope HS 0
TOP OF THE 2ND
Hoover HS Pirates batting - Pitching for Alac C Pope HS Generals : RHP Dalton Huwer
Batting: LHB Amile Baker 0-0: Ball
1-0: Called Strike
1-1: Foul Ball, location: 2F
1-2: Strikes out swinging
Batting: RHB Avery McKinney 0-0: Called Strike
0-1: Foul Ball, location: 2F
0-2: Strikes out swinging
Batting: RHB Damien Boyle 0-0: Called Strike
0-1: Foul Ball, location: 2F
0-2: Foul Ball, location: 2F
0-2: Ball
1-2: Fly out, F8 (Flyball, 8RM, EV 90.6 MPH)
Top of the 2nd over - 0 runs, 0 hits, 0 errors, 0 left on base; Hoover HS 0 - Alac C Pope HS 0
BOTTOM OF THE 2ND
Alac C Pope HS Generals batting - Pitching for Hoover HS Pirates : RHP Al O'Hara
Batting: SHB Joey Fontana 0-0: Ball
1-0: Ball
2-0: Foul Ball, location: 2F
2-1: Ball
3-1: Base on Balls
Batting: LHB Kristian Goldman 0-0: Fly out, F9 (Flyball, 89S, EV 81.2 MPH)
Batting: RHB David Mojica 0-0: Called Strike
0-1: Ball
1-1: Fly out, F7 (Flyball, 7D, EV 104.4 MPH)
Batting: RHB Pat Hefley 0-0: Called Strike
0-1: SINGLE (Groundball, 34D, EV 96.2 MPH)
Joey Fontana to second
Batting: RHB Bengie Reed 0-0: Ball
1-0: Called Strike
1-1: Ball
2-1: Ball
3-1: Foul Ball, location: 2F
3-2: Ground out 4-3 (Groundball, 4, EV 89.4 MPH)
Bottom of the 2nd over - 0 runs, 1 hit, 0 errors, 2 left on base; Hoover HS 0 - Alac C Pope HS 0
TOP OF THE 3RD
Hoover HS Pirates batting - Pitching for Alac C Pope HS Generals : RHP Dalton Huwer
Batting: RHB Winford Kessler 0-0: Ball
1-0: Ball
2-0: Ball
3-0: Called Strike
3-1: Fly out, F7 (Flyball, 7LM, EV 96.2 MPH)
Batting: RHB Tommy Siciliano 0-0: Called Strike
0-1: Ball
1-1: Ball
2-1: Foul Ball, location: 2F
2-2: Fly out, F9 (Flyball, 9D, EV 78.8 MPH)
Batting: SHB Kieran Tarry 0-0: Foul Ball, location: 2F
0-1: SINGLE (Groundball, 6M, EV 103.1 MPH) (infield hit)
Batting: LHB Stephen Wellman 0-0: Called Strike
0-1: Swinging Strike
0-2: Ball
1-2: Foul Ball, location: 2F
1-2: Fielders Choice at 2nd, 6-4 (Groundball, 6D, EV 86.9 MPH)
Top of the 3rd over - 0 runs, 1 hit, 0 errors, 1 left on base; Hoover HS 0 - Alac C Pope HS 0
BOTTOM OF THE 3RD
Alac C Pope HS Generals batting - Pitching for Hoover HS Pirates : RHP Al O'Hara
Batting: LHB Logan Gruskin 0-0: Ball
1-0: Ball
2-0: Called Strike
2-1: Ball
3-1: Base on Balls
Batting: RHB Dalton Burton 0-0: Ball
Logan Gruskin steals 2nd base (no throw)
1-0: Called Strike
1-1: Called Strike
1-2: Ball
2-2: Fly out, F2 (Popup, 2LF, EV 86.2 MPH)
Batting: LHB Cameron Kingery 0-0: Ball
1-0: Foul Ball, location: 2F
1-1: Foul Ball, location: 2F
1-2: SINGLE (Line Drive, 6MD, EV 95.6 MPH)
Logan Gruskin to third
Runner from 3rd tries for Home, throw by CF and OUT! 8-2
Batting: LHB Drew Pines 0-0: Called Strike
Cameron Kingery steals 2nd base
Pinch Runner at 2nd Lucas Wolfe: 0-1: Ball
1-1: Ball
2-1: Called Strike
2-2: Foul Ball, location: 2F
2-2: Ball
3-2: Base on Balls
Batting: SHB Joey Fontana 0-0: Ball
1-0: Ball
2-0: Ball
3-0: Called Strike
3-1: Base on Balls
Lucas Wolfe to third
Drew Pines to second
Batting: LHB Kristian Goldman 0-0: Ball
1-0: Swinging Strike
1-1: Ball
2-1: Called Strike
2-2: Strikes out swinging
Bottom of the 3rd over - 0 runs, 1 hit, 0 errors, 3 left on base; Hoover HS 0 - Alac C Pope HS 0
TOP OF THE 4TH
Hoover HS Pirates batting - Pitching for Alac C Pope HS Generals : RHP Dalton Huwer
Now in LF: Topher Pelley
Batting: RHB Dwight West 0-0: Ball
1-0: SINGLE (Line Drive, 8LS, EV 95.6 MPH)
Batting: RHB James Dew 0-0: Swinging Strike
0-1: Called Strike
Dwight West is caught stealing 2nd base 2-4
0-2: Ball
1-2: Foul Ball, location: 2F
1-2: Foul Ball, location: 2F
1-2: Ball
2-2: Strikes out swinging
Batting: LHB Amile Baker 0-0: Ball
1-0: Called Strike
1-1: Called Strike
1-2: Foul Ball, location: 2F
1-2: Ball
2-2: Fly out, F9 (Line Drive, 89M, EV 106.9 MPH)
Top of the 4th over - 0 runs, 1 hit, 0 errors, 0 left on base; Hoover HS 0 - Alac C Pope HS 0
BOTTOM OF THE 4TH
Alac C Pope HS Generals batting - Pitching for Hoover HS Pirates : RHP Al O'Hara
Batting: RHB David Mojica 0-0: Reached on error, E6 (Groundball, 6, EV 84.4 MPH)
Batting: RHB Pat Hefley 0-0: Ball
1-0: Ball
2-0: Ball
3-0: Base on Balls
Batting: RHB Bengie Reed 0-0: Ball
1-0: Swinging Strike
1-1: Ball
2-1: Swinging Strike
2-2: Foul Ball, location: 2F
2-2: Foul Ball, location: 2F
2-2: Ball
3-2: Foul Ball, location: 2F
3-2: Foul Ball, location: 2F
3-2: Base on Balls
David Mojica to third
Pat Hefley to second
Pitching: RHP Casey Calhoon
Batting: LHB Logan Gruskin 0-0: Fly out, F6 (Popup, P, EV 76.9 MPH)
Batting: RHB Dalton Burton 0-0: Ball
1-0: Foul Ball, location: 2F
1-1: Ball
2-1: Fly out, F8 (Flyball, 89D, EV 82.5 MPH)
Runner from 3rd tags up, SCORES, throw by CF
Pat Hefley to third
Batting: RHB Topher Pelley 0-0: Swinging Strike
0-1: Swinging Strike
Pickoff Throw to First - Out! 1-3
Bottom of the 4th over - 1 run, 0 hits, 1 error, 1 left on base; Hoover HS 0 - Alac C Pope HS 1
TOP OF THE 5TH
Hoover HS Pirates batting - Pitching for Alac C Pope HS Generals : RHP Dalton Huwer
Batting: RHB Avery McKinney 0-0: Swinging Strike
0-1: Called Strike
0-2: Foul Ball, location: 2F
0-2: Ball
1-2: Strikes out swinging, 2-3 out at first.
Batting: RHB Damien Boyle 0-0: Ball
1-0: Foul Ball, location: 2F
1-1: Called Strike
1-2: Ball
2-2: Ball
3-2: Strikes out swinging
Batting: RHB Winford Kessler 0-0: Ball
1-0: Ball
2-0: Called Strike
2-1: Swinging Strike
2-2: Foul Ball, location: 2F
2-2: Strikes out looking
Top of the 5th over - 0 runs, 0 hits, 0 errors, 0 left on base; Hoover HS 0 - Alac C Pope HS 1
BOTTOM OF THE 5TH
Alac C Pope HS Generals batting - Pitching for Hoover HS Pirates : RHP Casey Calhoon
Batting: RHB Topher Pelley 0-0: Ball
1-0: Ball
2-0: Fly out, F8 (Flyball, 8LD, EV 80.0 MPH)
Batting: LHB Drew Pines 0-0: Ball
1-0: Ball
2-0: Ball
3-0: Called Strike
3-1: Base on Balls
Batting: SHB Joey Fontana 0-0: Called Strike
0-1: Ball
1-1: Called Strike
1-2: Strikes out looking
Batting: LHB Kristian Goldman 0-0: Ball
1-0: Ball
2-0: Ball
3-0: Base on Balls
Drew Pines to second
Batting: RHB David Mojica 0-0: Ball
1-0: Called Strike
1-1: Ball
2-1: Ball
3-1: Foul Ball, location: 2F
3-2: Base on Balls
Drew Pines to third
Kristian Goldman to second
Batting: RHB Pat Hefley 0-0: Fly out, F9 (Flyball, 9D, EV 90.0 MPH)
Bottom of the 5th over - 0 runs, 0 hits, 0 errors, 3 left on base; Hoover HS 0 - Alac C Pope HS 1
TOP OF THE 6TH
Hoover HS Pirates batting - Pitching for Alac C Pope HS Generals : RHP Dalton Huwer
Pitching: LHP Keilan Kallfelz
Batting: RHB Tommy Siciliano 0-0: Ball
1-0: Called Strike
1-1: Swinging Strike
1-2: Strikes out swinging
Batting: SHB Kieran Tarry 0-0: Ball
1-0: Foul Ball, location: 2F
1-1: Swinging Strike
1-2: Ground out 6-3 (Groundball, 6, EV 107.5 MPH)
Batting: RHB Brayden Tennyson 0-0: Swinging Strike
0-1: Called Strike
0-2: Ball
1-2: Foul Ball, location: 2F
1-2: Fly out, F6 (Line Drive, 6M, EV 70.6 MPH)
Top of the 6th over - 0 runs, 0 hits, 0 errors, 0 left on base; Hoover HS 0 - Alac C Pope HS 1
BOTTOM OF THE 6TH
Alac C Pope HS Generals batting - Pitching for Hoover HS Pirates : RHP Casey Calhoon
Batting: RHB Bengie Reed 0-0: Ball
1-0: Ball
2-0: Ground out 5-3 (Groundball, 56S, EV 88.8 MPH)
Batting: LHB Logan Gruskin 0-0: Swinging Strike
0-1: Foul Ball, location: 2F
0-2: Ground out 4-3 (Groundball, 4MS, EV 70.6 MPH)
Batting: RHB Dalton Burton 0-0: Ball
1-0: Called Strike
1-1: Called Strike
1-2: Ball
2-2: Strikes out swinging
Bottom of the 6th over - 0 runs, 0 hits, 0 errors, 0 left on base; Hoover HS 0 - Alac C Pope HS 1
TOP OF THE 7TH
Hoover HS Pirates batting - Pitching for Alac C Pope HS Generals : LHP Keilan Kallfelz
Batting: RHB Dwight West 0-0: Called Strike
0-1: Swinging Strike
0-2: Strikes out swinging
Batting: RHB James Dew 0-0: Fly out, F8 (Line Drive, 89M, EV 93.1 MPH)
Pinch Hitting: RHB Erik Green 0-0: Ball
1-0: SOLO HOME RUN (Flyball, 78XD, EV 111.2 MPH), Distance : 438 ft
Batting: RHB Avery McKinney 0-0: Ball
1-0: Called Strike
1-1: Swinging Strike
1-2: Ball
2-2: Ball
3-2: Foul Ball, location: 2F
3-2: Foul Ball, location: 2F
3-2: Base on Balls
Batting: RHB Damien Boyle 0-0: Foul Ball, location: 2F
0-1: Fly out, F8 (Flyball, 8LD, EV 101.2 MPH)
Top of the 7th over - 1 run, 1 hit, 0 errors, 1 left on base; Hoover HS 1 - Alac C Pope HS 1
BOTTOM OF THE 7TH
Alac C Pope HS Generals batting - Pitching for Hoover HS Pirates : RHP Casey Calhoon
Now at 1B: Ed Ramsey
Batting: RHB Topher Pelley 0-0: Ball
1-0: Called Strike
1-1: Ball
2-1: Foul Ball, location: 2F
2-2: Ball
3-2: Base on Balls
Batting: LHB Drew Pines
Batting: RHB Finn Reinhard 0-0: Foul Ball, location: 2F
0-1: Foul Ball, location: 2F
0-2: Fly out, F2 (Popup, 23F, EV 86.9 MPH)
Batting: SHB Joey Fontana 0-0: Called Strike
0-1: Ball
1-1: Foul Ball, location: 2F
1-2: Foul Ball, location: 2F
1-2: Foul Ball, location: 2F
1-2: Ball
2-2: Strikes out swinging
Batting: LHB Kristian Goldman 0-0: Called Strike
Topher Pelley is caught stealing 2nd base 2-6
Bottom of the 7th over - 0 runs, 0 hits, 0 errors, 0 left on base; Hoover HS 1 - Alac C Pope HS 1
TOP OF THE 8TH
Hoover HS Pirates batting - Pitching for Alac C Pope HS Generals : LHP Keilan Kallfelz
Batting: RHB Winford Kessler 0-0: Ball
1-0: Ball
2-0: Swinging Strike
2-1: Swinging Strike
2-2: Strikes out looking
Batting: RHB Tommy Siciliano 0-0: SINGLE (Groundball, 4MD, EV 94.4 MPH)
Batting: SHB Kieran Tarry 0-0: Ball
1-0: Ball
2-0: Ball
3-0: Foul Ball, location: 2F
3-1: Base on Balls
Tommy Siciliano to second
Batting: RHB Brayden Tennyson 0-0: Ball
Wild Pitch!
Tommy Siciliano to third
Kieran Tarry to second
1-0: Ball
2-0: Ball
3-0: Base on Balls
Batting: RHB Dwight West 0-0: Called Strike
0-1: Ball
1-1: Foul Ball, location: 2F
1-2: Strikes out looking
Batting: RHB James Dew 0-0: Ball
1-0: Ball
2-0: Ball
3-0: Base on Balls
Tommy Siciliano scores
Kieran Tarry to third
Brayden Tennyson to second
Pinch Hitting: RHB Blake Noel 0-0: Swinging Strike
0-1: Ball
1-1: SINGLE (Groundball, 6MD, EV 98.1 MPH)
Kieran Tarry scores
Brayden Tennyson to third
James Dew to second
Runner from 3rd tries for Home, SAFE, throw by CF to home
Pitching: LHP Mitch Silveira
Batting: RHB Avery McKinney 0-0: Ball
1-0: Fly out, F7 (Flyball, 7, EV 88.8 MPH)
Top of the 8th over - 3 runs, 2 hits, 0 errors, 2 left on base; Hoover HS 4 - Alac C Pope HS 1
BOTTOM OF THE 8TH
Alac C Pope HS Generals batting - Pitching for Hoover HS Pirates : RHP Casey Calhoon
Now at 1B: Haden Molnar
Batting: LHB Kristian Goldman 0-0: Called Strike
0-1: Foul Ball, location: 2F
0-2: SINGLE (Line Drive, 89S, EV 99.4 MPH)
Pitching: RHP Nathan Altman
Batting: RHB David Mojica 0-0: Ball
1-0: Ball
2-0: Called Strike
2-1: Foul Ball, location: 2F
2-2: Ball
3-2: SINGLE (Groundball, 25, EV 62.5 MPH) (infield hit)
Kristian Goldman to second
Pitching: LHP Logan Garfield
Batting: RHB Pat Hefley 0-0: Called Strike
0-1: Foul Ball, location: 2F
0-2: Ball
1-2: Fly out, F7 (Flyball, 78S, EV 86.9 MPH)
Batting: RHB Bengie Reed 0-0: Swinging Strike
0-1: Swinging Strike
0-2: Ball
1-2: Foul Ball, location: 2F
1-2: Ball
2-2: Ball
3-2: Strikes out looking
Batting: LHB Logan Gruskin 0-0: Ball
1-0: Foul Ball, location: 2F
1-1: Foul Ball, location: 2F
1-2: Ball
2-2: Fly out, F3 (Popup, 34, EV 73.8 MPH)
Bottom of the 8th over - 0 runs, 2 hits, 0 errors, 2 left on base; Hoover HS 4 - Alac C Pope HS 1
TOP OF THE 9TH
Hoover HS Pirates batting - Pitching for Alac C Pope HS Generals : LHP Mitch Silveira
Pitching: LHP Cody Masse
Batting: RHB Damien Boyle 0-0: Ball
SINGLE, rundown, safe at 1st
Batting: RHB Winford Kessler 0-0: Ball
1-0: Called Strike
1-1: Fielders Choice at 2nd, 4-6 (Groundball, 4, EV 82.5 MPH)
Batting: RHB Tommy Siciliano 0-0: Ball
1-0: Foul Ball, location: 2F
1-1: Foul Ball, location: 2F
1-2: Ball
Winford Kessler is caught stealing 2nd base 2-4
2-2: Ball
3-2: Hit by Pitch
Batting: SHB Kieran Tarry 0-0: Hit by Pitch
Tommy Siciliano to second
Batting: RHB Brayden Tennyson 0-0: 3-RUN HOME RUN (Flyball, 9LD, EV 93.8 MPH), Distance : 346 ft
Batting: RHB Dwight West 0-0: Foul Ball, location: 2F
0-1: Swinging Strike
0-2: Ball
1-2: Foul Ball, location: 2F
1-2: Ball
2-2: Ball
3-2: Strikes out swinging
Top of the 9th over - 3 runs, 2 hits, 0 errors, 0 left on base; Hoover HS 7 - Alac C Pope HS 1
BOTTOM OF THE 9TH
Alac C Pope HS Generals batting - Pitching for Hoover HS Pirates : LHP Logan Garfield
Batting: RHB Dalton Burton 0-0: Foul Ball, location: 2F
0-1: Ball
1-1: Foul Ball, location: 2F
1-2: Ball
2-2: Ball
3-2: Foul Ball, location: 2F
3-2: Strikes out swinging
Batting: RHB Topher Pelley 0-0: Called Strike
0-1: Foul Ball, location: 2F
0-2: Ball
1-2: Strikes out swinging
Batting: RHB Finn Reinhard 0-0: Foul Ball, location: 2F
0-1: Foul Ball, location: 2F
0-2: Foul Ball, location: 2F
0-2: Ball
1-2: Ball
2-2: Ball
3-2: SINGLE (Groundball, 4MD, EV 98.8 MPH)
Pinch Hitting: RHB Kevin Rowe 0-0: Ball
1-0: Ball
2-0: Called Strike
2-1: Foul Ball, location: 2F
2-2: SINGLE (Line Drive, 4D, EV 94.4 MPH)
Finn Reinhard to second
Pinch Hitting: LHB Colton Lucus 0-0: Ball
1-0: Called Strike
1-1: Swinging Strike
1-2: Strikes out swinging
Bottom of the 9th over - 0 runs, 2 hits, 0 errors, 2 left on base; Hoover HS 7 - Alac C Pope HS 1
Wednesday, April 17th , 2024 - OOTP Baseball 23.10 Build 110